 Dungeon Crawl Stone Soup version 0.30-a0-137-gd8773701ce (webtiles) character file.

Game seed: 17188238255667691997

989 juncz the Chiller (level 7, -11/50 HPs)
             Began as a Grey Draconian Ice Elementalist on Sept 22, 2022.
             Was an Initiate of Gozag.
             Killed by nerve-wracking pain
             ... invoked by an orc priest
              (13 damage)
             ... on level 5 of the Dungeon.
             The game lasted 00:12:59 (7198 turns).

juncz the Chiller (Grey Draconian Ice Elementalist) Turns: 7198, Time: 00:13:00

Health: -11/50     AC: 12    Str: 10    XL:     7   Next: 98%
Magic:  10/16      EV: 12    Int: 18    God:    Gozag
Gold:   413        SH:  0    Dex: 11    Spells: 11/18 levels left

rFire   . . .      SeeInvis .    (no weapon)
rCold   . . .      Faith    .    (no shield)
rNeg    . . .      Spirit   .    (body armour unavailable)
rPois   .          Reflect  .    (helmet restricted)
rElec   .          Harm     .    (no cloak)
rCorr   .          Rampage  .    c - +0 pair of gloves
Will    .....                    (no boots)
Stlth   ++........               (no amulet)
HPRegen 0.16/turn                (no ring)
MPRegen 0.15/turn                (no ring)

@: no status effects
A: AC +11, amphibious, unfitting armour, cold-blooded
a: Renounce Religion, Potion Petition, Call Merchant, Bribe Branch


You were on level 5 of the Dungeon.
You worshipped Gozag.
Gozag was aware of your devotion.
You visited 2 branches of the dungeon, and saw 7 of its levels.

You collected 473 gold pieces.
You paid 60 gold pieces to Gozag.

Inventory:

Missiles
 a - 33 stones (quivered)
 s - a throwing net
Armour
 c - a +0 pair of gloves (worn)
Wands
 q - a wand of polymorph (9)
 t - a wand of flame (8)
Scrolls
 b - 2 scrolls of vulnerability
 e - a scroll of immolation {unknown}
 f - a scroll of acquirement {unknown}
 g - 3 scrolls of magic mapping {unknown}
 i - a scroll of amnesia {unknown}
 j - 2 scrolls of teleportation {unknown}
 k - 2 scrolls of summoning {unknown}
 n - a scroll of blinking {unknown}
 o - a scroll of identify {unknown}
 p - a scroll of enchant weapon {unknown}
Potions
 d - 4 potions of curing {unknown}
 h - a potion of mutation {unknown}
 l - 2 potions of might {unknown}
 m - a potion of cancellation {unknown}
 r - 2 potions of brilliance {unknown}


   Skills:
 - Level 1.7 Dodging
 - Level 1.7 Stealth
 + Level 6.2 Spellcasting
 + Level 7.7 Ice Magic


You had 11 spell levels left.
You knew the following spells:

 Your Spells              Type           Power      Damage    Failure   Level
a - Freeze                Ice            100%       1d11      1%          1
b - Frozen Ramparts       Ice            66%        1d10      1%          3
c - Ozocubu's Armour      Ice            33%        N/A       1%          3

Your spell library contained the following spells:

 Spells                   Type           Power      Damage    Failure   Level
 Hailstorm                Conj/Ice       19%        3d6       24%         4
 Ozocubu's Refrigeration  Ice            16%        4d11      99%         7


Dungeon Overview and Level Annotations

Branches:
Dungeon (6/15)             Temple (1/1) D:6

Altars:
Ashenzari
Cheibriados
Dithmenos
Fedhas
Gozag
Hepliaklqana
Kikubaaqudgha
Makhleb
Nemelex Xobeh
Okawaru
Qazlal
Ru
Sif Muna
Trog
Uskayaw
Vehumet
Xom
Zin
The Shining One

Annotations:
D:5 1 transporter


Innate Abilities, Weirdness & Mutations

Your dull iron-grey scales are very hard. (AC +11)
You are amphibious.
You cannot fit into any form of body armour.
You are cold-blooded and may be slowed by cold attacks.


Message History

Partly explored, unvisited transporter.
Search for what [? for help]? holy Can't find anything matching that.
There is an open door here.
The shadow imp shouts!
The shadow imp laughs crazily.
There is a transporter here.
You enter the transporter and appear at another place.
The shadow imp shouts, "Give in, thou dankish sow-suckled yak-dropping!"
t - a wand of flame (8)
The orc priest shouts!
You open the door.
There is an open door here.
The orc priest calls down the wrath of Beogh upon you.
Beogh smites you!
Casting: Freeze (safe; 1% risk of failure)
Confirm with . or Enter, or press ? or * to list all spells.
Casting: Frozen Ramparts (safe; 1% risk of failure)
Press: ? - help, Dir - look around, f - activate The walls around you are covered in ice.
The wall freezes the orc priest!
Casting: Frozen Ramparts (safe; 1% risk of failure)
Confirm with . or Enter, or press ? or * to list all spells.
A film of ice covers your body!
The wall freezes the orc priest!
The orc priest invokes the aid of Beogh against you.
Beogh smites you! The shadow imp gestures at you.
Pain shoots through your body!
* * * LOW HITPOINT WARNING * * *
Your icy armour and frozen ramparts will break if you move.
Continue?
Your icy armour cracks and falls away as you move.
The frozen ramparts melt away as you move.
The orc priest invokes the aid of Beogh against you.
Beogh smites you!
* * * LOW HITPOINT WARNING * * *
There is an open door here.
The orc priest invokes the aid of Beogh against you.
Pain shoots through your body!
You die...
Your body crumbles into a pile of gold.

##########............<.......
#..........................###
#..........................#..
#..........................'..
#..........###############.#..
#..........#8P#o5.....#~8#.#..
########.#.#P.#≈≈≈≈≈≈≈#.P#.#..
#...#..#..~~~..#.$#....
#..©#©@'..~⌠~..+(©#©...
##..#..#..~~~..#.$#....
##.#P.#≈≈≈≈≈≈≈#.P#.###
#.#8P#o5o....#~8#....
######.###############....
##....#....................
#.....#........#..)#.......
#.....#........#...#.......
#.....'........#...#.......


You could see 3 orc priests and 2 shadow imps.

Vanquished Creatures
  A black bear (D:6)
  2 ogres (D:4)
  A bullfrog (D:5)
  A scorpion (D:4)
  A necrophage (D:6)
  3 hounds (D:5)
  3 orc priests (D:5)
  An iguana (D:5)
  Natasha (D:2)
  5 orc wizards
  4 gnolls (D:4)
  5 adders
  An ufetubus (D:5)
  7 dart slugs
  20 orcs
  7 ball pythons
  4 bats
  10 endoplasms
  2 giant cockroaches
  8 goblins
  2 hobgoblins
  2 kobolds (D:1)
  5 quokkas
  3 frilled lizards
  3 rats (D:1)
102 creatures vanquished.

Vanquished Creatures (others)
  2 fungi (D:2)
2 creatures vanquished.

Grand Total: 104 creatures vanquished

Notes
Turn   | Place    | Note
-------+----------+-------------------------------------------
     0 | D:1      | juncz the Draconian Ice Elementalist began the quest for
                  | the Orb.
     0 | D:1      | Reached XP level 1. HP: 14/14 MP: 3/3
   345 | D:1      | Reached XP level 2. HP: 19/20 MP: 0/5
   876 | D:1      | Reached XP level 3. HP: 26/26 MP: 5/7
  1658 | D:1      | Learned a level 3 spell: Frozen Ramparts
  1662 | D:1      | Learned a level 3 spell: Ozocubu's Armour
  1856 | D:2      | Found a shimmering altar of Xom.
  2179 | D:2      | Noticed Natasha
  2191 | D:2      | Killed Natasha
  2192 | D:2      | Reached skill level 5 in Ice Magic
  2192 | D:2      | Reached XP level 4. HP: 29/33 MP: 0/8
  2511 | D:2      | Found a faded altar of an unknown god.
  3165 | D:3      | Reached XP level 5. HP: 34/38 MP: 0/10
  3853 | D:4      | Noticed an ogre
  3869 | D:4      | Killed an ogre
  3870 | D:4      | Reached XP level 6. HP: 45/45 MP: 2/12
  4129 | D:4      | Reached skill level 6 in Ice Magic
  4253 | D:4      | Found a broken altar of Ashenzari.
  4330 | D:4      | You fall into a shaft and drop 2 floors!
  4404 | D:6      | Found a staircase to the Ecumenical Temple.
  4411 | Temple   | Entered the Ecumenical Temple
  4808 | Temple   | Became a worshipper of Gozag Ym Sagoz the Greedy
  5057 | D:6      | Reached skill level 5 in Spellcasting
  5057 | D:6      | Your scales start taking on a dull iron-grey colour.
  5057 | D:6      | Reached XP level 7. HP: 45/50 MP: 3/14
  5202 | D:5      | Entered Level 5 of the Dungeon
  5752 | D:4      | Reached skill level 7 in Ice Magic
  5899 | D:4      | Found a snail-covered altar of Cheibriados.
  6105 | D:5      | Found a transporter.
  6109 | D:5      | Found a transporter.
  7197 | D:5      | HP: 2/50 [orc priest/divine providence (11)]
  7198 | D:5      | Killed from afar by an orc priest

Illustrated notes

Levels and vault maps discovered:
D:1:      mrwooster_arrival_statue_3, layout_basic
D:2:      layout_basic, basic_altar, shapermc_ecumenical_altar_petra,
          minmay_misc_feat_secret_circle, uniq_natasha
D:3:      layout_basic, serial_bayou_crossing
D:4:      layout_basic, mainiacjoe_overflow_catch_the_wave
D:5:      gammafunk_wand_slinger, layout_gridville,
          hangedman_abyss_or_decor_passed, chequers_garden
D:6:      layout_loops_ring, minmay_temple_entry_gardened_gates,
          minmay_three_doors, uniq_grinder
Temple:   sentei_temple_godly_chess

Skill      XL: |  1  2  3  4  5  6  7 |
---------------+----------------------+-----
Spellcasting   | 3 4 5 6 |  6.2
Ice Magic      | 5 6 7 |  7.7
Dodging        | |  1.7
Stealth        | |  1.7

Action                   |  1- 3 |  4- 6 |  7- 9 || total
-------------------------+-------+-------+-------++-------
Melee: Unarmed           |     6 |     6 |     2 ||    14
       Tailslap          |     1 |       |       ||     1
Throw: Stone             |     1 |     2 |     2 ||     5
 Cast: Freeze            |    66 |    45 |    48 ||   159
       Frozen Ramparts   |     2 |     7 |    11 ||    20
       Ozocubu's Armour  |     1 |     5 |     7 ||    13
  Use: Potion            |     1 |       |       ||     1
       Scroll            |       |       |     2 ||     2
Armor: Skin              |    12 |    15 |     5 ||    32
Dodge: Dodged            |    40 |    23 |    42 ||   105

Table legend: (Time is in decaauts)
 A = Elapsed time spent in this place.
 B = Non-inter-level travel time spent in this place.
 C = Inter-level travel time spent in this place.
 D = Time resting spent in this place.
 E = Time spent auto-exploring this place.
 F = Levels seen in this place.
 G = Mean time per level.
                   A        B        C        D        E       F      G
               +--------+--------+--------+--------+--------+-----+--------+
         Total |   7216 |   7093 |    123 |   1176 |   5119 |   7 | 1030.9 |
       Dungeon |   6806 |   6683 |    123 |    832 |   5119 |   6 | 1134.3 |
        Temple |    409 |    409 |      0 |    344 |      0 |   1 |  409.0 |
               +--------+--------+--------+--------+--------+-----+--------+

Top non-repeatable levels by time:
     D:1: 1687 daAuts
     D:5: 1335 daAuts
     D:4: 1285 daAuts
     D:2: 1027 daAuts
     D:3: 1008 daAuts
     D:6: 462 daAuts
  Temple: 409 daAuts
